cohdb
Replays
Latest Replays
All Replays
Popular Replays
Top Player Replays
Match Explorer
How It Works
Community
CoH3 Stats
Reddit
Sign in to upload your games and track your stats! →
Sign in with Steam
Match 45132666
Unlisted
Match 45132666
Overview
Messages
Build Orders
End
Royal Engineer Section
Construct Section Command Post
Dingo Light Scout Car
Dingo Light Scout Car
Construct Field Infirmary
Royal Engineer Section
Construct Platoon Command Post
Selects Air and Sea Battlegroup
Selects Commando Section Paradrop
Selects Commando Support Section Paradrop
Commando Support Section Paradrop
Selects Supply Surplus
Construct Resource Cache
CMP 15cwt Truck
Commando Section Paradrop
6-pounder Anti-tank Gun Team
Construct Resource Cache
6-pounder Anti-tank Gun Team
Selects UNKNOWN (223837)
Team Weapon Training
Construct Company Command Post
Commando Section Paradrop
Selects Assault Flares
Crusader II Medium Tank
Assault Flares
T0MMY
Pioneer Combine
Sayamander 🐉
撸啊撸么么叁
Laa-Laa
Sam
啊?
Atikin
0
0
Comments
sign in to comment!
No comments posted yet!